 Dungeon Crawl Stone Soup version 0.19.1-1-g22dce08 (webtiles) character file.

71 nikopol the Skirmisher (level 4, -3/29 HPs)
             Began as a Gargoyle Berserker on Jan 15, 2017.
             Was a Believer of Trog.
             Slain by Sigmund
             ... wielding a +0 scythe
              (7 damage)
             ... on level 3 of the Dungeon.
             The game lasted 00:04:37 (1570 turns).

nikopol the Skirmisher (Gargoyle Berserker)         Turns: 1570, Time: 00:04:39

Health: -3/29      AC:  5    Str: 20    XL:     4   Next: 24%
Magic:  4/4        EV: 12    Int:  8    God:    Trog [**....]
Gold:   162        SH:  0    Dex: 10    Spells: 0 memorised, 3 levels left

rFire  . . .     SeeInvis .     a - +0 hand axe
rCold  . . .     Gourm    .     b - +0 animal skin
rNeg   + . .     Faith    .     (no shield)
rPois  ∞         Spirit   .     (no helmet)
rElec  +         Reflect  .     (no cloak)
rCorr  .         Harm     .     (no gloves)
MR     .....                    (no boots)
Stlth  +.........               (no amulet)
                                (no ring)
                                (no ring)

@: exhausted, slowed, very slow
A: negative energy resistance 1, electricity resistance, unbreathing,
petrification resistance, rot immunity, AC +3
a: Berserk, Trog's Hand, Burn Spellbooks, Renounce Religion


You were on level 3 of the Dungeon.
You worshipped Trog.
Trog was pleased with you.
You were very hungry.

You visited 1 branch of the dungeon, and saw 3 of its levels.

You collected 162 gold pieces.

Inventory:

Hand Weapons
 a - a +0 hand axe (weapon)
Missiles
 i - 92 arrows (quivered)
Armour
 b - a +0 animal skin (worn)
Scrolls
 f - a scroll of enchant armour {unknown}
 h - 2 scrolls of fog {unknown}
 l - 2 scrolls of enchant weapon {unknown}
 o - a scroll of magic mapping {unknown}
 p - 2 scrolls of identify {unknown}
Potions
 e - a potion of lignification {unknown}
 g - 2 potions of curing {unknown}
 j - 2 potions of agility {unknown}
 k - a potion of berserk rage {unknown}
 n - a potion of beneficial mutation {unknown}
 q - a potion of might {unknown}
 s - a potion of mutation {unknown}
Comestibles
 c - a bread ration
 d - a beef jerky
 m - a meat ration
 r - 5 chunks of flesh


   Skills:
 + Level 4.0 Fighting
 + Level 3.3 Axes
 + Level 2.9 Armour
 + Level 2.1 Dodging


You had 3 spell levels left.
You didn't know any spells.

Dungeon Overview and Level Annotations

Branches:
Dungeon (3/15)

Altars:
Ashenzari
Dithmenos
Ru
Trog

Annotations:
D:3 Sigmund


Innate Abilities, Weirdness & Mutations

You are resistant to torment.
Your stone body is resilient. (AC +3)
You are immune to poison.
You resist negative energy. (rN+)
You are resistant to electric shocks. (rElec)
You can survive without breathing.
You are immune to petrification.
You are immune to rotting.


Message History

You bump into the rock wall.
You feel your anger subside.
You are no longer berserk.
You are exhausted.
You feel yourself slow down.
Sigmund screams, "You will never...
NEVER!!!"
Sigmund gestures wildly while chanting.
Sigmund flickers and vanishes!
Deactivating autopickup; reactivate with Ctrl-A.
You bump into the rock wall.
Something hits you!
You feel less confused. Something barely misses you. Something hits you!
* * * LOW HITPOINT WARNING * * *
You hit something. Something hits you.
* * * LOW HITPOINT WARNING * * *
A worker ant comes into view.
The worker ant twitches its antennae in your direction.
You hit something but do no damage. Something hits you but does no damage.
You hit something. Something hits you!
You die...

...####....>....#
#.## #####.##.## #.#
#.##.# #.# #.##.#
#.### #.##.#
....#######.##.#
#...........##.#
###...).(...a..######
.......####.....@{..#
######.# #.#######!#
#.# #.# #.# #.#
#.####.# #......#
########


You could see a worker ant.

Vanquished Creatures
  2 adders (D:3)
  A worm (D:2)
  2 leopard geckos
  4 ball pythons
  4 bats
  3 giant cockroaches
  4 goblins
  7 hobgoblins (D:2)
  3 jackals (D:2)
  A quokka (D:2)
  3 frilled lizards
  5 kobolds
  6 rats
45 creatures vanquished.

Notes
Turn   | Place    | Note
-------+----------+-------------------------------------------
     0 | D:1      | nikopol the Gargoyle Berserker began the quest for the Orb.
     0 | D:1      | Reached XP level 1. HP: 14/14 MP: 1/1
   212 | D:1      | Reached XP level 2. HP: 19/19 MP: 2/2
   611 | D:2      | Reached XP level 3. HP: 24/24 MP: 3/3
   729 | D:2      | Found a bloodstained altar of Trog.
   780 | D:2      | Reached ** piety under Trog
   824 | D:2      | Found a shattered altar of Ashenzari.
   824 | D:2      | Found a sacrificial altar of Ru.
   827 | D:2      | Found a shadowy altar of Dithmenos.
  1201 | D:3      | Reached skill level 4 in Fighting
  1385 | D:3      | Reached XP level 4. HP: 25/29 MP: 4/4
  1550 | D:3      | Noticed Sigmund
  1570 | D:3      | Slain by Sigmund

Skill      XL: |  1  2  3 |
---------------+----------+-----
Axes           | 3 |  3.3
Dodging        | 2 |  2.1
Fighting       | 4 |  4.0
Armour         | |  2.9

Action                   |  1- 3 |  4- 6 || total
-------------------------+-------+-------++-------
Melee: Hand axe          |   122 |    22 ||   144
Invok: Berserk           |     1 |     1 ||     2
 Stab: Sleeping          |     1 |       ||     1
  Eat: Chunk             |     3 |       ||     3
Armor: Animal skin       |    44 |     5 ||    49
Dodge: Dodged            |    93 |    13 ||   106
